 Dungeon Crawl Stone Soup version 0.30-a0-297-g0ec75d9ef4 (webtiles) character file.

Game seed: 13738676830701579686

9575 lunkers the Fighter (level 12, -25/122 HPs)
             Began as a Meteoran Fighter on Oct 18, 2022.
             Was an Initiate of Gozag.
             Annihilated by a reaper
             ... wielding a +2 scythe of freezing
              (38 damage)
             ... in an ice cave.
             The game lasted 00:25:56 (6940 turns).

lunkers the Fighter (Meteoran Fighter)              Turns: 6940, Time: 00:25:56

Health: -25/122    AC: 12    Str: 20    XL:     12   Next: 7%
Magic:  13/13      EV: 17    Int:  9    God:    Gozag
Gold:   875        SH: 10    Dex: 18    Spells: 11/11 levels left

rFire   + . .      SeeInvis .    b - +2 short sword (freeze)
rCold   + + .      Faith    .    c - +0 buckler
rNeg    . . .      Spirit   .    l - +3 leather armour
rPois   +          Reflect  +    K - +0 helmet
rElec   +          Harm     .    (no cloak)
rCorr   +          Rampage  .    (no gloves)
Will    +....                    (no boots)
Stlth   +.........               h - amulet of reflection
HPRegen 0.40/turn                Q - +4 ring of protection
MPRegen 0.13/turn                O - ring of poison resistance

@: mighty, resistant, on berserk cooldown, slowed, glowing, very slow
A: sense surroundings 2, otherworldly, glowing, explore regen, cold resistance
1, robust 1
a: Renounce Religion, Potion Petition, Call Merchant, Bribe Branch


You were in an ice cave.
You worshipped Gozag.
Gozag was pleased with you.
You visited 3 branches of the dungeon, and saw 13 of its levels.
You also visited: Ossuary and Ice Cave.

You collected 1387 gold pieces.
You paid 512 gold pieces to Gozag.

Inventory:

Hand Weapons
 a - a +0 dagger of venom
 b - a +2 short sword of freezing (weapon)
 j - a +3 dire flail of draining
 n - a +0 falchion of draining
 C - a +0 long sword
 F - a +3 trident
 M - a +3 hand axe
Missiles
 d - 2 boomerangs
 s - 3 throwing nets
 t - 5 javelins
 z - 45 stones
 A - 44 poisoned darts
 J - a curare-tipped dart
Armour
 c - a +0 buckler (worn)
 g - +0 steam dragon scales
 l - a +3 leather armour (worn)
 r - an orb of guile
 K - a +0 helmet (worn)
Jewellery
 h - an amulet of reflection (around neck)
 O - a ring of poison resistance (right hand)
 Q - a +4 ring of protection (left hand)
Wands
 i - a wand of polymorph (1)
 P - a wand of iceblast (7)
Scrolls
 e - 4 scrolls of teleportation
 f - 3 scrolls of amnesia
 o - a scroll of silence {unknown}
 w - a scroll of fear {unknown}
 y - 2 scrolls of enchant armour {unknown}
 B - 2 scrolls of noise {unknown}
 D - a scroll of blinking {unknown}
 G - a scroll of poison {unknown}
 R - a scroll of vulnerability {unknown}
 S - a scroll of identify
Potions
 k - a potion of flight
 m - 3 potions of magic
 p - a potion of attraction
 q - 11 potions of curing
 v - a potion of resistance
 x - a potion of heal wounds
 E - 2 potions of lignification
 H - 3 potions of brilliance
 I - a potion of mutation
 L - a potion of degeneration {unknown}
 N - a potion of might


   Skills:
 + Level 11.7 Fighting
 - Level 9.4(10.0) Short Blades
 - Level 5.4(8.5) Long Blades
 - Level 6.0 Armour
 - Level 10.0 Dodging
 - Level 3.6 Shields
 + Level 6.7 Evocations


You had 11 spell levels left.
You didn't know any spells.
Your spell library contained the following spells:

 Spells                   Type           Power      Damage    Failure   Level
 Slow                     Hex            0%         N/A       52%         1
 Ensorcelled Hibernation  Hex/Ice        0%         N/A       67%         2
 Sublimation of Blood     Necr           0%         N/A       67%         2
 Wereblood                Tmut           0%         N/A       67%         2
 Confusing Touch          Hex            0%         N/A       88%         3
 Spider Form              Tmut/Pois      0%         N/A       88%         3
 Tukima's Dance           Hex            0%         N/A       88%         3
 Vampiric Draining        Necr           0%         2d6       88%         3
 Anguish                  Hex/Necr       0%         N/A       99%         4
 Passage of Golubria      Tloc           0%         N/A       99%         4
 Yara's Violent Unravell  Hex/Tmut       0%         3d3       100%        5
 Summon Hydra             Summ           0%         N/A       100%        7


Dungeon Overview and Level Annotations

Branches:
Dungeon (9/15) Zot: 656    Temple (1/1) D:4 Zot: 415    Lair (3/5) D:9 Zot: 1136
    Orc (0/2) D:9         Ossuary (visited)           IceCv (1/1) Zot: 478
  Swamp: Lair:2-3    Shoals: Lair:2-3     Snake: Lair:2-3    Spider: Lair:2-3

Altars:
Dithmenos
Elyvilon
Fedhas
Gozag
Hepliaklqana
Kikubaaqudgha
Makhleb
Nemelex Xobeh
Okawaru
Qazlal
Ru
Sif Muna
Vehumet
Wu Jian
Xom
Yredelemnul
The Shining One

Annotations:
IceCv exclusion: 2 ice statues


Innate Abilities, Weirdness & Mutations

You passively map the area around you.
You are easily found by Zot.
You glow in the dark.
You regain HP and MP as you explore.
Your flesh is cold resistant. (rC+)
You are robust. (+10% HP)


Message History

* * * LOW HITPOINT WARNING * * *
You block the elephant simulacrum's attack.
The elephant simulacrum trunk-slaps you but does no damage.
You completely miss the reaper.
The reaper is severely wounded.
Unknown command.
You hit the reaper but do no damage.
The reaper is severely wounded.
Unknown command.
You hit the reaper.
The reaper is almost dead.
The reaper hits you with a +2 scythe of freezing!
* * * LOW HITPOINT WARNING * * *
You hit the reaper.
The reaper is almost dead.
The elephant simulacrum tramples you!
* * * LOW HITPOINT WARNING * * *
You hold your ground!
You block the elephant simulacrum's attack.
You hit the reaper but do no damage.
The reaper is almost dead.
The reaper hits you with a +2 scythe of freezing!
* * * LOW HITPOINT WARNING * * *
The reaper freezes you.
* * * LOW HITPOINT WARNING * * *
Unknown command.
You puncture the reaper!
The reaper is almost dead.
You are no longer berserk.
You are exhausted.
You feel yourself slow down.
You hit the reaper but do no damage.
The reaper is almost dead.
The elephant simulacrum tramples you.
* * * LOW HITPOINT WARNING * * *
You hold your ground!
You block the elephant simulacrum's attack.
The reaper hits you with a +2 scythe of freezing!!!
You die...
Your body crumbles into a pile of gold.

#8#....#8### #......
**##..##### ###....... , *
##...##≈####....##.Z , ,
##..#.≈≈≈.#.....##..####
,, #..##≈≈≈#.....#
.......# ,
#...######....###......##,
, ##...## #.....$##Z.....#
,,, ##...# ##..Z2.$...#,,
, , ##...# ##.@.###..#,
,,, #...## ##### §§§#, , *
##...## ,,§§§§# ,
##.....## * .##2.. *
#...∩...# ## §☼§..
#.......# *,, ##.###
##..∩..## .. , * ##...##
,, ,, ##### * * * *


You could see a reaper, an elephant simulacrum and a troll simulacrum.

Vanquished Creatures
  A cane toad (Lair:1)
  2 ice devils (IceCv)
  A troll (D:9)
  Prince Ribbit (D:7)
  Grinder (D:3)
  A wraith (Ossuary)
  10 yaks
  3 wyverns
  2 steam dragons
  Menkaure (D:4)
  Edmund (D:4)
  A hydra simulacrum (IceCv)
  An acid dragon (D:8)
  3 water moccasins
  7 orc warriors
  2 ice beasts
  6 wolves (Lair:1)
  3 ogres
  A centaur (D:9)
  3 phantoms
  13 bullfrogs
  3 gnoll sergeants (D:9)
  6 kobold brigands
  Blork the orc (D:5)
  A necrophage (D:6)
  A two-headed ogre simulacrum (IceCv)
  5 scorpions
  A cane toad simulacrum (IceCv)
  4 wights (D:8)
  3 killer bees (D:9)
  2 hounds
  A jelly (D:6)
  3 orc priests
  A human zombie (Ossuary)
  A gnoll bouda (D:8)
  3 iguanas
  Natasha (twice) (D:2)
  3 orc wizards
  A spriggan simulacrum (IceCv)
  A troll simulacrum (IceCv)
  2 wolf simulacra (IceCv)
  4 mummies
  20 gnolls
  8 adders
  A shadow imp (D:6)
  14 white imps
  2 ufetubi
  A worm (D:2)
  A dart slug (D:1)
  15 orcs
  5 endoplasms
  2 giant cockroaches
  2 goblins
  5 hobgoblins
  4 jackals (D:1)
  8 ball pythons
  2 bats (D:2)
  3 frilled lizards
  2 goblin zombies (Ossuary)
  2 hobgoblin zombies (Ossuary)
  23 kobolds
  3 kobold zombies (Ossuary)
  An orc zombie (Ossuary)
  12 rats
249 creatures vanquished.

Vanquished Creatures (others)
  An ice devil (IceCv)
  7 plants
8 creatures vanquished.

Grand Total: 257 creatures vanquished

Notes
Turn   | Place    | Note
-------+----------+-------------------------------------------
     0 | D:1      | lunkers the Meteoran Fighter began the quest for the Orb.
     0 | D:1      | Reached XP level 1. HP: 19/19 MP: 2/2
    63 | D:1      | Reached XP level 2. HP: 18/26 MP: 3/3
   131 | D:1      | Found a faded altar of an unknown god.
   167 | D:1      | Reached XP level 3. HP: 20/31 MP: 4/4
   264 | D:2      | Found a hazy altar of Hepliaklqana.
   309 | D:2      | Noticed Natasha
   319 | D:2      | Killed Natasha
   320 | D:2      | Reached XP level 4. HP: 13/38 MP: 5/5
   327 | D:2      | Reached skill level 5 in Long Blades
   358 | D:2      | Reached XP level 5. HP: 38/45 MP: 6/6
   393 | D:2      | Noticed Natasha
   412 | D:2      | Killed Natasha
   413 | D:2      | Reached skill level 1 in Short Blades
   673 | D:3      | Found a glowing golden altar of the Shining One.
   703 | D:3      | Noticed Grinder
   728 | D:3      | Gained mutation: You are robust. (+10% HP) [potion of
                  | mutation]
   728 | D:3      | Gained mutation: Your flesh is cold resistant. (rC+)
                  | [potion of mutation]
   745 | D:3      | Killed Grinder
   746 | D:3      | Reached skill level 5 in Short Blades
   746 | D:3      | Reached XP level 6. HP: 24/56 MP: 7/7
   746 | D:3      | Reached XP level 7. HP: 27/62 MP: 8/8
  1185 | D:4      | Noticed Edmund
  1324 | D:4      | Noticed Menkaure
  1342 | D:4      | Killed Menkaure
  1503 | D:4      | Found a staircase to the Ecumenical Temple.
  1512 | Temple   | Entered the Ecumenical Temple
  1827 | D:4      | Reached XP level 8. HP: 50/69 MP: 9/9
  1887 | D:4      | Killed Edmund
  1888 | D:4      | Reached skill level 1 in Dodging
  1964 | D:5      | Entered Level 5 of the Dungeon
  1964 | D:5      | Noticed Blork the orc
  2035 | D:4      | Reached skill level 4 in Fighting
  2352 | D:5      | Killed Blork the orc
  2402 | D:5      | Noticed a wyvern
  2427 | D:5      | Killed a wyvern
  2470 | D:5      | Gained mutation: You passively map the area around you.
                  | [Meteoran growth]
  2470 | D:5      | Reached XP level 9. HP: 28/80 MP: 10/10
  2617 | D:5      | Reached skill level 5 in Fighting
  2855 | D:6      | Found a sand-covered staircase.
  2867 | Ossuary  | Entered an ossuary
  3199 | Ossuary  | Reached skill level 5 in Dodging
  3388 | D:6      | Reached skill level 6 in Fighting
  3666 | D:6      | Reached XP level 10. HP: 82/92 MP: 11/11
  3669 | D:6      | Reached skill level 7 in Fighting
  3957 | D:7      | Noticed Prince Ribbit
  3991 | D:7      | Killed Prince Ribbit
  3992 | D:7      | Reached skill level 8 in Fighting
  4517 | D:8      | Reached skill level 9 in Fighting
  4606 | D:8      | Noticed a two-headed ogre
  4608 | D:8      | a two-headed ogre changed into a wyvern
  4788 | D:8      | Found a stormy altar of Qazlal.
  4788 | D:8      | Found an opulent altar of Gozag.
  4800 | D:8      | Became a worshipper of Gozag Ym Sagoz the Greedy
  5236 | D:9      | Reached XP level 11. HP: 101/106 MP: 12/12
  5340 | D:9      | Reached skill level 10 in Dodging
  5403 | D:9      | Found a staircase to the Orcish Mines.
  5448 | D:9      | Reached skill level 10 in Fighting
  5499 | D:9      | Reached skill level 1 in Evocations
  5807 | D:9      | Reached skill level 5 in Armour
  5885 | D:9      | Found a staircase to the Lair.
  5931 | Lair:1   | Entered Level 1 of the Lair of Beasts
  6434 | Lair:1   | Reached skill level 11 in Fighting
  6434 | Lair:1   | Reached skill level 5 in Evocations
  6535 | Lair:1   | Glimpsed the power of Zot.
  6644 | Lair:3   | Found a frozen archway.
  6770 | IceCv    | Entered an ice cave
  6842 | IceCv    | Reached XP level 12. HP: 42/121 MP: 13/13
  6879 | IceCv    | Noticed a reaper
  6940 | IceCv    | Annihilated by a reaper

Illustrated notes

Levels and vault maps discovered:
D:1:      dpeg_arrival_oval, layout_loops_ring,
          hellmonk_ecumenical_altar_arch_garden
D:2:      cheibrodos_helix_gallery, layout_rooms, basic_altar,
          hangedman_decor_slide_cut, minmay_rat_gold_closets, uniq_natasha
D:3:      layout_loops_ring, old_standard_altar, chequers_decorated_corner,
          minivault_5, uniq_grinder
D:4:      layout_cave_pods, lemuel_temple_firewalk_b, uniq_menkaure, uniq_edmund
D:5:      layout_basic, lemuel_flame_loot_1, uniq_blork_the_orc
D:6:      layout_loops_ring, gup_ossuary_entry_pyramid, minmay_pentangle
D:7:      layout_rooms, uniq_prince_ribbit1
D:8:      layout_basic, nicolae_overflow_two_pavilions
D:9:      layout_rooms, grunt_lair_entry_orc_guard_hut,
          kennysheep_orc_monster_closet_entryway, kennysheep_generic_room_13
Temple:   nicolae_temple_bog_church
Lair:1:   layout_cave_pods, minmay_holes, minivault_27, serial_bayou_shore_b
Lair:2:   layout_roguey, lemuel_oklob_altar, infiniplex_staircase_pool_2,
          uniq_fannar
Lair:3:   layout_big_grid, minmay_swamp_entry_worms,
          hellmonk_spider_entry_life_and_decay, portal_ice_cave_entry_imps,
          beast_lair_carwin_10, uniq_rupert
IceCv:    ice_cave_small_demon

Skill      XL: |  1  2  3  4  5  6  7  8  9 10 11 |
---------------+----------------------------------+-----
Long Blades    | 3 4 5 |  5.4
Short Blades   | 5 7 8 9 |  9.4
Dodging        | 3 6 9 10 | 10.0
Fighting       | 4 6 9 11 | 11.7
Evocations     | 6 |  6.7
Armour         | 6 |  6.0
Shields        | |  3.6

Action                   |  1- 3 |  4- 6 |  7- 9 | 10-12 || total
-------------------------+-------+-------+-------+-------++-------
Melee: Long sword        |    74 |    12 |     7 |       ||    93
       Dagger            |       |   115 |   391 |       ||   506
       Short sword       |       |       |   222 |  1296 ||  1518
Invok: Potion Petition   |       |       |       |     1 ||     1
Evoke: Wand              |       |       |       |     6 ||     6
  Use: Potion            |     1 |     4 |     4 |     7 ||    16
       Scroll            |       |       |     9 |     2 ||    11
 Stab: Distracted        |       |       |       |     7 ||     7
Armor: Scale mail        |    41 |       |       |       ||    41
       Leather armour    |     4 |    64 |    75 |   180 ||   323
       Skin              |       |       |       |    14 ||    14
Dodge: Dodged            |    31 |    54 |   109 |   354 ||   548
Block: Buckler           |    32 |    26 |   168 |   419 ||   645
       Reflection        |       |       |     2 |     5 ||     7

Table legend: (Time is in decaauts)
 A = Elapsed time spent in this place.
 B = Non-inter-level travel time spent in this place.
 C = Inter-level travel time spent in this place.
 D = Time resting spent in this place.
 E = Time spent auto-exploring this place.
 F = Levels seen in this place.
 G = Mean time per level.
                   A        B        C        D        E       F      G
               +--------+--------+--------+--------+--------+-----+--------+
         Total |   6146 |   5878 |    268 |      0 |   3215 |  15 |  409.7 |
       Dungeon |   4743 |   4491 |    252 |      0 |   2544 |   9 |  527.0 |
        Temple |    184 |    169 |     15 |      0 |    157 |   1 |  184.0 |
          Lair |    664 |    664 |      0 |      0 |    323 |   3 |  221.3 |
       Ossuary |    434 |    434 |      0 |      0 |    183 |   1 |  434.0 |
      Ice Cave |    120 |    120 |      0 |      0 |      7 |   1 |  120.0 |
               +--------+--------+--------+--------+--------+-----+--------+

Top non-repeatable levels by time:
     D:8: 725 daAuts
     D:6: 650 daAuts
     D:4: 615 daAuts
     D:9: 601 daAuts
     D:3: 565 daAuts
     D:5: 529 daAuts
  Lair:1: 524 daAuts
 Ossuary: 434 daAuts
     D:7: 408 daAuts
     D:2: 399 daAuts
     D:1: 248 daAuts
  Temple: 184 daAuts
  Lair:3: 129 daAuts
   IceCv: 120 daAuts
  Lair:2: 10 daAuts
